 Dungeon Crawl Stone Soup version 0.16.1-2-g95b8d4c (webtiles) character file.

146 Ladykiller69 the Shield-Bearer (level 5, 0/42 HPs)
             Began as a Formicid Fighter on Mar 24, 2015.
             Slain by a worker ant (6 damage)
             ... on level 13 of the Dungeon.
             The game lasted 00:14:21 (2623 turns).

Ladykiller69 the Shield-Bearer (Formicid Fighter)   Turns: 2623, Time: 00:14:21

Health: 0/42       AC:  9    Str: 22    XL:     5   Next: 53%
Magic:  7/7        EV:  7    Int:  7    God:
Gold:   148        SH: 10    Dex: 10    Spells: 0 memorised, 4 levels left

rFire  . . .     SeeInvis +     a - +0 trident
rCold  . . .     Clarity  .     u - +0 chain mail
rNeg   . . .     SustAb   .     c - +0 shield
rPois  .         Gourm    .     (helmet unavailable)
rElec  .         Spirit   .     (no cloak)
rCorr  .         Warding  .     (no gloves)
rMut   .         Stasis   +     (no boots)
MR     .....                    (no amulet)
Stlth  ..........               (no ring)
                                (no ring)

@: not resistant to hostile enchantments, extremely unstealthy
A: permanent stasis, dig shafts and tunnels, four strong arms, antennae 3
a: Dig, Shaft Self


You were on level 13 of the Dungeon.
You were not hungry.

You visited 1 branch of the dungeon, and saw 10 of its levels.

You collected 148 gold pieces.

Inventory:

Hand weapons
 a - a +0 trident (weapon)
Armour
 b - a +0 scale mail
 c - a +0 shield (worn)
 u - a +0 chain mail (worn)
Jewellery
 r - an uncursed ring of protection from fire {unknown}
Scrolls
 g - 4 scrolls of teleportation {unknown}
 k - a scroll of fear {unknown}
 n - 7 scrolls of identify {unknown}
 p - a scroll of noise {unknown}
 t - 2 scrolls of random uselessness {unknown}
 w - a scroll of fog {unknown}
Potions
 e - 3 potions of might
 h - a potion of invisibility
 i - 2 potions of lignification
 l - a potion of haste
Comestibles
 d - 3 bread rations
 j - 10 fruits


   Skills:
 + Level 4.0 Fighting
 * Level 3.1 Polearms
 + Level 3.8 Armour
 + Level 1.5 Dodging
 * Level 4.7 Shields


You had 4 spell levels left.
You didn't know any spells.

Dungeon Overview and Level Annotations

Branches:
Dungeon (13/15)            Temple (0/1) D:7
   Lair: D:8-11         Orc: D:9-12      Vaults: D:13-14

Altars:

Annotations:
D:3 Robin
D:4 Grinder
D:7 Edmund


Innate Abilities, Weirdness & Mutations

You are under a permanent stasis effect.
You can dig through walls and to a lower floor.
Your four strong arms can wield two-handed weapons with a shield.
You have a pair of large antennae on your head (SInv).


Message History

Your magical contamination has completely faded away.
You feel magically purged.
You flicker back into view.
The yak bellows!
The crimson imp blinks!
The crimson imp hits you but does no damage.
Sorry, you're not good enough to have a special ability.
There are no items here.
You cannot move.
You miss the crimson imp.
You feel less woody.
Your +0 chain mail unmelds from your body.
The crimson imp blinks!
You block the worker ant's attack.
Use which ability? (? or * to list) Are you sure you want to shaft yourself?
You feel quite a bit more hungry.
The worker ant bites you but does no damage.
You begin to dig a shaft.
You continue digging a shaft.
The worker ant bites you.
You die...

?.. ###..=$..
........... .
........... ...
.......≈... ....
..........
.....#YYY......
.....$Y.?..5.....
...5....@.#
#.##....≈a#
#...?≈.#
#.....§§#
#...%≈≈.#
#...§≈≈.#
.#..§..# #......
...


You could see 4 yaks, a worker ant and 2 crimson imps.

Vanquished Creatures
  An orc priest (D:4)
  An orc wizard (D:3)
  A giant mite (D:4)
  3 worms (D:2)
  2 giant geckos
  3 oozes
  7 orcs
  A ball python (D:2)
  8 bats
  7 goblins
  2 hobgoblins
  8 jackals
  A giant cockroach (D:1)
  2 giant newts
  4 kobolds
  7 rats
58 creatures vanquished.

Vanquished Creatures (others)
  A hound (D:10)
  A giant gecko (D:10)
  A giant spore (D:10)
  A jackal (D:10)
4 creatures vanquished.

Grand Total: 62 creatures vanquished

Notes
Turn   | Place    | Note
--------------------------------------------------------------
     0 | D:1      | Ladykiller69, the Formicid Fighter, began the quest for the Orb.
     0 | D:1      | Reached XP level 1. HP: 18/18 MP: 1/1
   226 | D:1      | Reached XP level 2. HP: 24/24 MP: 3/3
   680 | D:1      | Reached XP level 3. HP: 25/29 MP: 4/4
  1203 | D:2      | Reached skill level 4 in Shields
  1243 | D:2      | Reached skill level 1 in Dodging
  1252 | D:2      | Reached XP level 4. HP: 34/36 MP: 5/5
  1501 | D:3      | You fall through a shaft for 2 floors!
  1501 | D:5      | Entered Level 5 of the Dungeon
  1601 | D:3      | Noticed Robin
  1632 | D:4      | Reached XP level 5. HP: 18/42 MP: 7/7
  2239 | D:4      | Noticed Grinder
  2262 | D:4      | You fall through a shaft for 3 floors!
  2262 | D:7      | Found a staircase to the Ecumenical Temple.
  2266 | D:7      | Noticed Edmund
  2272 | D:7      | You fall through a shaft!
  2466 | D:8      | You fall through a shaft for 3 floors!
  2468 | D:11     | Noticed a six-headed hydra
  2516 | D:10     | Entered Level 10 of the Dungeon
  2516 | D:10     | Noticed an ogre
  2525 | D:10     | Noticed a two-headed ogre
  2616 | D:10     | You fall through a shaft for 3 floors!
  2616 | D:13     | Noticed a yak
  2616 | D:13     | Noticed a yak
  2616 | D:13     | Noticed a yak
  2618 | D:13     | Noticed a yak
  2623 | D:13     | Slain by a worker ant

Action                   |  1- 3 |  4- 6 || total
-------------------------+-------+-------++-------
Melee: Trident           |   111 |   126 ||   237
Throw: Throwing net      |       |     1 ||     1
 Abil: Dig               |     4 |    13 ||    17
       Shaft Self        |       |     5 ||     5
  Use: Potion            |       |     6 ||     6
 Stab: Distracted        |       |     1 ||     1
  Eat: Chunk             |     1 |     4 ||     5
       Bread ration      |       |     1 ||     1
       Beef jerky        |       |     1 ||     1
